 Dungeon Crawl Stone Soup version 0.30.0-2-g1aa4bd4387 (webtiles) character file.

Game seed: 17904178062324479841

155 Kenran the Trooper (level 5, -12/34 HPs)
             Began as a Gargoyle Brigand on May 7, 2023.
             Was a Believer of the Shining One.
             Killed by an exploding gnoll bouda (41 damage)
             ... ignited by their inner flame
             ... on level 3 of the Dungeon.
             The game lasted 00:06:41 (1738 turns).

Kenran the Trooper (Gargoyle Brigand)               Turns: 1738, Time: 00:06:42

Health: -12/34     AC: 11    Str: 16    XL:     5   Next: 37%
Magic:  5/5        EV:  9    Int: 12    God:    the Shining One [**....]
Gold:   151        SH:  0    Dex: 11    Spells: 4/4 levels left

rFire   . . .        q - +0 whip
rCold   . . .        (no shield)
rNeg    + + .        h - +0 scale mail
rPois   ∞            (no helmet)
rElec   +            c - +0 cloak
rCorr   .            (no gloves)
SInv    .            (no boots)
Will    .....        (no amulet)
Stlth   +            (no ring)
HPRegen 0.25/turn    (no ring)
MPRegen 0.09/turn

%: no passive effects
@: attractive, hasted, glowing, very quick
A: sickness immunity, AC +4, negative energy resistance 1, electricity
resistance, torment resistance 1, petrification resistance
a: Renounce Religion, Divine Shield


You were on level 3 of the Dungeon.
You worshipped the Shining One.
The Shining One was pleased with you.
You visited 1 branch of the dungeon, and saw 3 of its levels.

You collected 151 gold pieces.


Innate Abilities, Weirdness & Mutations

You are immune to sickness and miasma.
Your stone body is resilient. (AC +4)
You are immune to poison.
You resist negative energy. (rN+)
You are resistant to electric shocks. (rElec)
You are resistant to unholy torment.
You are immune to petrification.


   Skills:
 + Level 4.9 Fighting
 - Level 1.7 Short Blades
 * Level 2.7 Maces & Flails
 - Level 1.7 Throwing
 - Level 0.7 Dodging
 - Level 4.3 Stealth


You had 4 spell levels left.
You didn't know any spells.
Your spell library contained the following spells:

 Spells                   Type           Power      Damage    Failure   Level
 Hailstorm                Conj/Ice       0%         3d3       98%         3
 Ice Form                 Ice/Tmut       0%         N/A       100%        4
 Simulacrum               Ice/Necr       0%         N/A       100%        6

Inventory:

Hand Weapons
 a - a +2 dagger
 q - a +0 whip (weapon)
   (You took it off an orc on level 3 of the Dungeon)
Missiles
 d - 11 poisoned darts (quivered)
 e - 6 curare-tipped darts {=f}
 f - a throwing net {=f!f}
Armour
 c - a +0 cloak (worn)
 h - a +0 scale mail (worn)
   (You found it on level 1 of the Dungeon)
Scrolls
 i - a scroll of immolation {!r!r}
 l - a scroll of butterflies
Potions
 b - a potion of might {unknown}
 k - a potion of cancellation {unknown}
 m - a potion of lignification {unknown}
 n - a potion of brilliance {unknown}
 o - a potion of curing {unknown}

Dungeon Overview and Level Annotations

Branches:
Dungeon (3/15) Zot: 16275

Altars:
The Shining One

##++## #######
#######...o#######bb#..#
+.....'...gogg§○@bbb+
#######....#######..#5.#
#######''''#############
......................
~~≈~≈~~....~~~~≈~≈~≈~~
≈≈≈≈≈≈~....≈≈~≈≈≈≈~≈≈≈
~~~~≈~~....~~~~~~~≈~~~
......................
#.........###†........


You could see 3 gnolls, 2 orcs and an ufetubus.


Message History

A gnoll comes into view. It is wielding a +0 spear.
There is an open door here.
A gnoll bouda comes into view. It is wielding a +0 club.
There is an open door here.
The gnoll bouda barks out a call to the hunt!
The gnoll picks up the pace!
The gnoll hits you but does no damage.
You hear a shout! x2
The gnoll closely misses you.
You hit the gnoll but do no damage.
The gnoll hits you with a +0 spear. 😕 HP[-1]
You take 1 damage, and now have 33/34 hp.
You barely miss the gnoll.
The gnoll bouda gazes fiercely through you!
You feel your attacks grow feeble.
A gnoll comes into view. It is wielding a +0 whip. 😎 HP[+1]
Your hp is fully restored (34).
You hit the gnoll bouda but do no damage.
The gnoll closely misses you.
You hit the gnoll bouda. The gnoll barely misses you.
A gnoll comes into view. It is wielding a +0 whip.
The gnoll bouda barks out a call to the hunt!
The gnoll picks up the pace!
You hear a shout!
You hit the gnoll bouda but do no damage.
The gnoll hits you from afar with a +0 spear.
The gnoll bouda closely misses you.
An orc comes into view. It is wielding a +0 war axe. 😕 HP[-3]
You take 3 damage, and now have 31/34 hp.
The orc shouts!
You hit the gnoll bouda but do no damage.
You hear a shout!
The gnoll barely misses you.
The gnoll bouda hits you with a +0 club.
An orc comes into view.
It is wielding a +0 flail of protection.
You hear a shout! x3
You barely miss the gnoll bouda. The gnoll hits you but does no damage.
The gnoll bouda gazes fiercely through you!
You feel as though you will be weak longer.
The gnoll bouda hits you with a +0 club. 😕 HP[-2]
You take 2 damage, and now have 29/34 hp.
You barely miss the gnoll bouda. The gnoll closely misses you.
The gnoll bouda hits you but does no damage.
You barely miss the gnoll bouda. The gnoll hits you but does no damage.
The gnoll bouda barely misses you.
You hit the gnoll bouda but do no damage.
The gnoll hits you from afar with a +0 spear!
The gnoll bouda hits you but does no damage. 😮 HP[-6]
You take 6 damage, and now have 23/34 hp.
You barely miss the gnoll bouda.
The gnoll is no longer moving quickly.
The gnoll hits you but does no damage.
The gnoll bouda hits you but does no damage.
You barely miss the gnoll bouda. The gnoll closely misses you.
The gnoll bouda hits you but does no damage.
You aren't carrying any items that you can evoke.
Unknown command.
As you read the scroll labelled YKHUDGHA FAEWK, it crumbles to dust.
The creatures around you are filled with an inner flame!
It was a scroll of immolation.
The gnoll hits you but does no damage.
The gnoll bouda barks out a call to the hunt!
The gnoll picks up the pace!
As you read the scroll labelled AJI TICRIM QAG, it crumbles to dust.
You hear the flapping of tiny wings.
The gnoll is knocked back by the sudden gust.
The gnoll bouda is knocked back by the sudden gust.
It was a scroll of butterflies.
The gnoll hits you from afar with a +0 spear.
You swap places.
The gnoll is no longer moving quickly.
The gnoll bouda hits your butterfly with a +0 club.
Your butterfly dies!
Your butterfly disappears in a burst of colours!
It was a potion of attraction.
You feel attractive to monsters.
The gnoll is no longer moving quickly.
A gnoll comes into view. It is wielding a +0 halberd.
The gnoll is attracted toward you. The orc is attracted toward you.
It was a potion of haste.
You feel yourself speed up. The gnoll bouda barely misses you.
The gnoll barely misses you.
You hit the gnoll bouda but do no damage.
Your attacks no longer feel as feeble.
You hit the gnoll bouda.
Flame seeps out of the gnoll bouda.
The gnoll bouda is engulfed in blazing flames.
Flame seeps out of the gnoll bouda.
The gnoll bouda barks out a call to the hunt!
The gnolls pick up the pace!
The gnoll hits you but does no damage. 😮 HP[+1]
You hit the gnoll bouda but do no damage.
The gnoll bouda is engulfed in blazing flames.
The Shining One accepts your kill.
You feel better.
The gnoll bouda explodes!
The fiery explosion engulfs the gnoll!!!
The fiery explosion engulfs you!!!
Ouch! That really hurt!
You die...

Skill      XL: |  1  2  3  4 |
---------------+-------------+-----
Fighting       | 3 4 |  4.9
Maces & Flails | 1 2 |  2.7
Short Blades   | |  1.7
Throwing       | |  1.7
Dodging        | |  0.7
Stealth        | |  4.3

Action                     |  1- 3 |  4- 6 || total
---------------------------+-------+-------++-------
  Melee: Dagger            |   111 |   106 ||   217
         Punch             |     1 |     1 ||     2
         Whip              |       |    15 ||    15
  Throw: Dart              |       |     1 ||     1
    Use: Scroll            |       |     2 ||     2
         Potion            |       |     2 ||     2
   Stab: Sleeping          |     6 |       ||     6
 Armour: Robe              |    23 |       ||    23
         Scale mail        |    24 |    78 ||   102
  Dodge: Dodged            |    47 |    71 ||   118

Levels and vault maps discovered:
D:1:      tarquinn_simple_flora_water_c, layout_basic,
          shapermc_ecumenical_altar_acropolis, st_stairs_12
D:2:      layout_rooms
D:3:      lemuel_castle_with_subvaults [lemuel_castle_interior_original],
          layout_rooms, fedhas_altar_3

Notes
Turn   | Place    | Note
-------+----------+-------------------------------------------
     0 | D:1      | Kenran the Gargoyle Brigand began the quest for the Orb.
     0 | D:1      | Reached XP level 1. HP: 12/12 MP: 1/1
     0 | D:1      | magus.rc [v1.11.6]
    70 | D:1      | Reached XP level 2. HP: 14/18 MP: 2/2
   174 | D:1      | Reached skill level 3 in Fighting
   485 | D:1      | Reached XP level 3. HP: 21/24 MP: 3/3
   583 | D:1      | Reached skill level 4 in Fighting
   587 | D:1      | Found a faded altar of an unknown god.
   764 | D:1      | Prayed at the altar of an unknown god.
   764 | D:1      | Became a worshipper of the Shining One
   764 | D:1      | Reached * piety under the Shining One
   925 | D:2      | Reached skill level 1 in Maces & Flails
  1009 | D:2      | Reached XP level 4. HP: 14/29 MP: 4/4
  1153 | D:2      | Reached skill level 2 in Maces & Flails
  1245 | D:2      | You add the spells Hailstorm, Ice Form and Simulacrum to
                  | your library.
  1528 | D:2      | Reached XP level 5. HP: 12/34 MP: 5/5
  1688 | D:3      | magus.rc [v1.11.6]
  1738 | D:3      | Reached ** piety under the Shining One
  1738 | D:3      | Killed by an exploding gnoll bouda... ignited by their
                  | inner flame

Vanquished Creatures
  A gnoll bouda (D:3)
  An orc wizard (D:2)
  2 gnolls
  5 adders (D:2)
  3 dart slugs (D:1)
  5 orcs
  4 bats
  5 endoplasms
  A giant cockroach (D:1)
  7 goblins
  7 hobgoblins
  7 jackals
  A quokka (D:1)
  4 ball pythons
  4 frilled lizards
  2 kobolds (D:1)
  4 rats
63 creatures vanquished.

Table legend:
 A = Non-vault XP
 B = Vault XP
 C = Vault XP percentage of total XP
 D = Non-vault monster count
 E = Vault monster count
 F = Vault count percentage of total count
                 A         B        C        D         E       F
            +---------+---------+-------+---------+---------+-------
      Total |     194 |      81 |  29.5 |      54 |       9 |  14.3
            +---------+---------+-------+---------+---------+-------
        D:1 |      47 |       2 |   4.1 |      26 |       1 |   3.7
        D:2 |     135 |      22 |  14.0 |      24 |       4 |  14.3
        D:3 |      12 |      57 |  82.6 |       4 |       4 |  50.0
            +---------+---------+-------+---------+---------+-------

Skill      XL: |  1  2  3  4 |
---------------+-------------+-----
Fighting       | 3 4 |  4.9
Maces & Flails | 1 2 |  2.7
Short Blades   | |  1.7
Throwing       | |  1.7
Dodging        | |  0.7
Stealth        | |  4.3

Action                     |  1- 3 |  4- 6 || total
---------------------------+-------+-------++-------
  Melee: Dagger            |   111 |   106 ||   217
         Punch             |     1 |     1 ||     2
         Whip              |       |    15 ||    15
  Throw: Dart              |       |     1 ||     1
    Use: Scroll            |       |     2 ||     2
         Potion            |       |     2 ||     2
   Stab: Sleeping          |     6 |       ||     6
 Armour: Robe              |    23 |       ||    23
         Scale mail        |    24 |    78 ||   102
  Dodge: Dodged            |    47 |    71 ||   118

Illustrated notes

Table legend:
 A = Kills in this place as a percentage of kills in the entire game.
 B = Kills by you in this place as a percentage of kills by you in the entire game.
 C = Kills by friends in this place as a percentage of kills by friends in the entire game.
 D = Other kills in this place as a percentage of other kills in the entire game.
 E = Experience gained in this place as a percentage of experience gained in the entire game.
 F = Experience gained in this place divided by the number of levels of this place that you have seen.
                   A       B       C       D       E      F
               +-------+-------+-------+-------+-------+----------------------
         Total | 100.0 | 100.0 |   N/A |   N/A | 100.0 |  91.7
       Dungeon | 100.0 | 100.0 |   N/A |   N/A | 100.0 |  91.7
               +-------+-------+-------+-------+-------+----------------------

Table legend: (Time is in decaauts)
 A = Elapsed time spent in this place.
 B = Non-inter-level travel time spent in this place.
 C = Inter-level travel time spent in this place.
 D = Time resting spent in this place.
 E = Time spent auto-exploring this place.
 F = Levels seen in this place.
 G = Mean time per level.
                   A        B        C        D        E       F      G
               +--------+--------+--------+--------+--------+-----+--------+
         Total |   1723 |   1595 |    128 |    195 |    843 |   3 |  574.3 |
       Dungeon |   1723 |   1595 |    128 |    195 |    843 |   3 |  574.3 |
               +--------+--------+--------+--------+--------+-----+--------+

Top non-repeatable levels by time:
     D:1: 804 daAuts
     D:2: 792 daAuts
     D:3: 127 daAuts
